 Dungeon Crawl Stone Soup version 0.29.1-12-g30fa7ad0bf (webtiles) character file.

Game seed: 10822630282001193593

221590 Gabide the Brawler (level 18, -3/155 HPs)
             Began as a Mummy Berserker on Dec 28, 2022.
             Was an Elder of Trog.
             Killed from afar by a spriggan air mage (38 damage)
             ... with a bolt of lightning
             ... on level 2 of the Depths.
             The game lasted 01:30:32 (51716 turns).

Gabide the Brawler (Mummy Berserker)               Turns: 51716, Time: 01:30:33

Health: -3/155     AC: 20    Str: 35    XL:     18   Next: 50%
Magic:  18/18      EV: 25    Int:  9    God:    Trog [****..]
Gold:   485        SH:  5    Dex: 14    Spells: 17/17 levels left

rFire   . . .      SeeInvis .     - Unarmed
rCold   + . .      Faith    .   (no shield)
rNeg    + + +      Spirit   .   v - +6 scale mail of Servitude {Contam Str+7 Int+3 Dex+2}
rPois   ∞          Reflect  +   B - +2 hat
rElec   .          Harm     .   F - scarf {repulsion}
rCorr   .          Rampage  .   i - +2 pair of gloves
Will    ++++.                   l - +2 pair of boots
Stlth   ..........              d - amulet of reflection
HPRegen 1.35/turn               e - ring of the Hare {EV+8}
MPRegen 0.16/turn               p - ring of protection from fire

@: about to teleport, strong-willed, regenerating, repel missiles
A: cold resistance 1, negative energy resistance 3, torment resistance 2, heat
vulnerability 1, in touch with death 2, no potions
}: 1/15 runes: barnacled
a: Renounce Religion, Trog's Hand, Brothers in Arms


You were on level 2 of the Depths.
You worshipped Trog.
Trog was greatly pleased with you.
You visited 5 branches of the dungeon, and saw 28 of its levels.
You also visited: Ossuary and Ice Cave.

You collected 2889 gold pieces.
You spent 2404 gold pieces at shops.

Inventory:

Missiles
 b - 52 boomerangs (quivered)
 t - 2 throwing nets
 G - 4 silver javelins
 P - 7 javelins
Armour
 i - a +2 pair of gloves (worn)
 l - a +2 pair of boots (worn)
 o - a +0 cloak
 v - the +6 scale mail of Servitude (worn) {Contam Str+7 Int+3 Dex+2}
   (You bought it in a shop on level 8 of the Dungeon)

   Str:       It affects your strength (+7).
   Int:       It affects your intelligence (+3).
   Dex:       It affects your dexterity (+2).
   Contam:    It causes magical contamination when unequipped.
 w - a +2 leather armour of resistance
 B - a +2 hat (worn)
 F - a scarf of repulsion (worn)
 J - a +0 helmet of see invisible
 Q - a +1 helmet
Jewellery
 c - a ring of ice
 d - an amulet of reflection (around neck)
 e - the ring of the Hare (left hand) {EV+8}
   (You bought it in a shop on level 7 of the Dungeon)

   [ring of evasion]

   EV:        It affects your evasion (+8).
 g - a +4 ring of protection
 n - a +6 ring of intelligence
 p - a ring of protection from fire (right hand)
 z - a ring of resist corrosion
 A - a ring of protection from fire
 C - a +4 ring of protection
 E - a ring of see invisible
 M - a ring of protection from fire
Wands
 k - a wand of polymorph (18)
 q - a wand of light (12)
 u - a wand of charming (13)
 y - a wand of flame (26)
 I - a wand of mindburst (8)
 L - a wand of iceblast (14)
 N - a wand of digging (9)
Scrolls
 a - 3 scrolls of enchant weapon
 f - a scroll of teleportation
 h - 6 scrolls of vulnerability
 j - 10 scrolls of magic mapping
 m - 2 scrolls of brand weapon
 r - 3 scrolls of immolation
 s - 2 scrolls of silence
 x - 2 scrolls of fog
 H - 2 scrolls of torment
Miscellaneous
 D - a phantom mirror (inert)
 K - a condenser vane


   Skills:
 + Level 17.6 Fighting
 - Level 1.5 Armour
 + Level 14.8 Dodging
 * Level 20.4 Unarmed Combat


You had 17 spell levels left.
You didn't know any spells.
Your spell library was empty.

Dungeon Overview and Level Annotations

Branches:
Dungeon (15/15)            Temple (0/1) D:4            Lair (5/5) D:8
 Shoals (4/4) Lair:2        Snake (0/4) Lair:3        Slime (0/5) Lair:5
    Orc (2/2) D:10            Elf (0/3) Orc:2        Vaults (0/5) D:13
 Depths (2/4) D:15        Ossuary (visited)           IceCv (visited)

Altars:
Ashenzari
Hepliaklqana
Nemelex Xobeh
Okawaru
Ru
Wu Jian
Jiyva

Shops:
D:2 [*!   D:7 =   D:8 [!([?   Orc:2 [:*[   Shoals:1 ?   Depths:1 :=:

Portals:
Hell: Depths:1
Pandemonium: Depths:1 Depths:2
Ziggurat: Depths:2

Annotations:
D:6 exclusion: door
D:10 exclusion: oklob plant
Lair:5 1 runed translucent door
Depths:2 exclusion: orange crystal statue


Innate Abilities, Weirdness & Mutations

You are immune to poison.
Your flesh is cold resistant. (rC+)
You are immune to negative energy. (rN+++)
You are immune to unholy pain and torment.
You are vulnerable to heat. (rF-)
You are strongly in touch with the powers of death.
You do not drink.


Message History

The storm dragon closely misses your spriggan defender.
The spriggan air mage waves its arms in wide circles.
The air twists around and strikes you.
A stone giant comes into view.
Your spriggan defender hits the storm dragon with a +3 demon whip of venom.
The storm dragon is poisoned.
The spriggan rider closely misses you.
The spriggan defender hits your two-headed ogre with a +3 demon whip of venom!!
Your two-headed ogre is poisoned.
Your two-headed ogre misses the spriggan defender.
The spriggan defender blocks your two-headed ogre's attack.
Your spriggan defender hits the storm dragon with a +3 demon whip of venom!
The storm dragon looks as sick as possible!
The spriggan defender hits your two-headed ogre with a +3 demon whip of venom!
Your two-headed ogre looks as sick as possible!
A shadow dragon comes into view.
The frost giant hits your spriggan defender with a +1 battleaxe of freezing!!
The frost giant freezes your spriggan defender!
You hear a shout! x3
Your spriggan defender shimmers and vanishes!
The spriggan defender hits your two-headed ogre with a +3 demon whip of venom!
Your two-headed ogre closely misses the spriggan defender.
The spriggan defender blocks your two-headed ogre's attack.
The spriggan defender hits your two-headed ogre with a +3 demon whip of venom!!
Your two-headed ogre looks as sick as possible!
The spriggan air mage waves its arms in wide circles.
The air twists around and strikes you!!
* * * LOW HITPOINT WARNING * * *
The spriggan defender blocks your two-headed ogre's attack.
Your two-headed ogre hits the spriggan defender with a +0 giant club!
The spriggan defender dies!
Trog accepts your kill.
As you read the scroll of teleportation, it crumbles to dust.
You feel strangely unstable.
Your two-headed ogre dies!
Your two-headed ogre's corpse disappears in a puff of smoke!
A wizard comes into view. It is wielding a +1 dagger of venom.
The wizard shouts!
The spriggan air mage points at you and mumbles some strange words.
The bolt of lightning hits you!!!
You die...

##......##...#######
#.#.#..######
##.......#
#.#.#.#..#
##......## #.#.#.'#
#....#..# ##
#....#..#. ...
######@###....
....#.............
........ii........
......§§.#####...#
......yD## p##
......C.# #
......[.# ........#
........#


You could see a storm dragon (extremely poisoned), a frost giant, a spark wasp,
a spriggan rider, a spriggan air mage (repels missiles, very poisoned) and a
wizard.

Vanquished Creatures
  A tentacled monstrosity (Depths:2)
  2 titans
  4 sphinxes
  Gastronok (Lair:1)
  A storm dragon (Depths:2)
  2 tengu reavers
  2 fire giants (Depths:1)
  Ilsuiw (Shoals:2)
  A frost giant (Shoals:1)
  6 stone giants
  A vampire knight (Depths:2)
  A lorocyproca (Depths:1)
  A minotaur (Shoals:4)
  3 spark wasps (Depths:2)
  3 ettins
  Snorg (D:12)
  2 crystal guardians
  2 merfolk javelineers
  3 fire dragons
  The ghost of
  112233 the Thaumaturge, a journeyman NaVM of Sif Muna (D:11)
  2 merfolk impalers
  Harold (D:9)
  A rakshasa (D:15)
  5 boulder beetles
  9 hydras
  2 ogre magi
  3 ice dragons
  3 catoblepae
  2 alligator snapping turtles
  A merfolk avatar (Shoals:4)
  12 two-headed ogres
  A centaur warrior (D:15)
  4 merfolk aquamancers
  A death knight (D:14)
  11 satyrs
  A deep troll shaman (Depths:1)
  2 vampire magi (Depths:2)
  3 deep troll earth magi (Depths:1)
  5 tengu warriors
  5 death yaks (Lair:4)
  5 orc high priests (Orc:2)
  Nergalle (D:10)
  A spriggan berserker (Depths:2)
  A hell knight (Depths:2)
  2 sun demons
  3 soul eaters
  7 skeletal warriors
  An iron troll (Depths:1)
  A sixfirhy (Depths:2)
  6 deep trolls (Depths:1)
  A spark wasp zombie (Depths:2)
  11 sea snakes
  A flayed ghost (Depths:2)
  2 glowing orange brains
  30 harpies
  A wizard (Depths:1)
  5 lindwurms
  2 necromancers
  A golden dragon skeleton (Depths:2)
  A tengu zombie (Depths:2)
  7 deep elf pyromancers
  9 orc knights
  31 ugly things
  6 deep elf zephyrmancers
  An orc sorcerer (Orc:2)
  8 cyclopes
  A fire giant zombie (Depths:2)
  23 manticores
  12 fauns
  5 elephants (Lair:4)
  6 merfolk sirens
  An ice statue (IceCv)
  9 black mambas
  3 molten gargoyles (Lair:5)
  A rust devil (Depths:2)
  A torpor snail (Lair:3)
  3 smoke demons
  10 cane toads
  3 kobold demonologists (D:14)
  3 water nymphs (Shoals:4)
  Maggie (D:6)
  2 gargoyles
  5 rime drakes
  9 komodo dragons
  15 ice devils
  2 freezing wraiths (IceCv)
  4 guardian mummies (D:14)
  3 hellwings
  A tengu conjurer (Depths:1)
  2 red devils
  24 merfolk
  3 meliai (D:15)
  A queen bee (D:15)
  3 hornets
  12 trolls
  7 polar bears
  5 dream sheep (Lair:5)
  A hornet (shapeshifter) (D:13)
  7 wind drakes
  7 slime creatures
  7 blink frogs
  A slime creature (shapeshifter) (Depths:1)
  5 snapping turtles
  3 shadows
  9 water elementals
  11 wyverns
  A centaur simulacrum (D:10)
  A vampire (D:10)
  53 yaks
  4 basilisks
  5 wraiths
  2 humans (D:7)
  7 vampire mosquitoes
  4 death yak simulacra (IceCv)
  A fire elemental (Lair:3)
  A chaos spawn (Depths:1)
  4 steam dragons
  2 harpy simulacra (IceCv)
  2 acid dragons
  4 hydra simulacra (IceCv)
  Duvessa (D:4)
  8 water moccasins
  3 hell hounds (Lair:5)
  4 floating eyes
  2 ice beasts (D:6)
  A swamp drake (D:8)
  A black bear (D:7)
  28 orc warriors
  6 centaurs
  10 wolves
  8 ogres
  A phantom (D:7)
  5 kobold brigands
  A two-headed ogre simulacrum (IceCv)
  14 bullfrogs
  3 necrophages
  An elf zombie (Ossuary)
  5 scorpions
  4 cane toad simulacra (IceCv)
  3 gnoll sergeants
  Dowan (D:4)
  24 killer bees
  7 elephant simulacra (IceCv)
  6 howler monkeys
  8 electric eels
  4 centaur zombies (Ossuary)
  2 jellies
  5 lava snakes (Lair:5)
  18 orc priests
  Crazy Yiuf (D:4)
  7 hounds
  7 human zombies (Ossuary)
  2 gnoll boudas
  An iguana (D:7)
  10 orc wizards
  A spriggan simulacrum (IceCv)
  A troll simulacrum (IceCv)
  A polar bear simulacrum (IceCv)
  A wolf simulacrum (IceCv)
  7 mummies
  24 gnolls
  4 adders
  2 naga simulacra (IceCv)
  2 shadow imps (D:5)
  8 white imps
  3 ufetubi
  A dart slug (D:3)
  61 orcs
  5 bats
  4 endoplasms
  3 giant cockroaches
  3 goblins
  7 hobgoblins
  3 jackals (D:2)
  5 quokkas
  5 ball pythons
  4 frilled lizards
  11 kobolds
  6 rats
964 creatures vanquished.

Vanquished Creatures (collateral kills)
  A shadow dragon (Depths:2)
  A frost giant (Depths:2)
  A spriggan defender (Depths:2)
  A stone giant (Depths:2)
  Nessos (D:13)
  A fire dragon (D:10)
  A rakshasa (Depths:2)
  A spriggan air mage (Depths:2)
  An alligator snapping turtle (Shoals:4)
  A harpy (Shoals:1)
  An orc sorcerer (D:10)
  An ugly thing (IceCv)
  A merfolk siren (Shoals:4)
  A rust devil (Depths:2)
  A kobold demonologist (D:10)
  An ice devil (IceCv)
  An efreet (D:10)
  3 meliai (D:13)
  2 orc warriors (Orc:2)
  2 ogres (Orc:2)
  A cane toad simulacrum (IceCv)
  An elephant simulacrum (IceCv)
  2 orc priests (Orc:2)
  5 white imps (Orc:2)
  6 orcs
39 creatures vanquished.

Vanquished Creatures (others)
  A two-headed ogre (D:13)
  2 harpies (Shoals:4)
  An adder (D:6)
  A fire vortex (Lair:3)
  21 fungi
  46 plants
72 creatures vanquished.

Grand Total: 1075 creatures vanquished

Notes
Turn   | Place    | Note
-------+----------+-------------------------------------------
     0 | D:1      | Gabide the Mummy Berserker began the quest for the Orb.
     0 | D:1      | Reached XP level 1. HP: 18/18 MP: 1/1
   241 | D:1      | Reached XP level 2. HP: 15/24 MP: 2/2
   679 | D:1      | Found a faded altar of an unknown god.
  1084 | D:2      | Reached skill level 3 in Unarmed Combat
  1289 | D:2      | Found Tuashrurph's General Store.
  1421 | D:2      | Gained mutation: You are in touch with the powers of death.
                  | [Mummy growth]
  1421 | D:2      | Reached XP level 3. HP: 29/29 MP: 3/3
  1590 | D:2      | Found Nogaesheat's Distillery.
  1678 | D:2      | Found Warokk's Antique Armour Shop.
  1859 | D:3      | Reached ** piety under Trog
  1863 | D:3      | Found a sacrificial altar of Ru.
  2243 | D:3      | Reached XP level 4. HP: 30/35 MP: 4/4
  2620 | D:2      | Bought a pair of boots for 117 gold pieces
  3008 | D:4      | Noticed Duvessa
  3010 | D:4      | Noticed Dowan
  3025 | D:4      | Killed Duvessa
  3026 | D:4      | Reached XP level 5. HP: 39/42 MP: 5/5
  3035 | D:4      | Killed Dowan
  3036 | D:4      | Reached skill level 4 in Unarmed Combat
  3080 | D:4      | Found a staircase to the Ecumenical Temple.
  3173 | D:4      | Found a runed translucent door.
  3174 | D:4      | Noticed Crazy Yiuf
  3182 | D:4      | Killed Crazy Yiuf
  3359 | D:5      | Entered Level 5 of the Dungeon
  3430 | D:5      | Reached XP level 6. HP: 44/49 MP: 6/6
  3583 | D:5      | Found a sand-covered staircase.
  3593 | D:5      | Noticed a hornet
  3600 | Ossuary  | Entered an ossuary
  3864 | Ossuary  | Reached skill level 5 in Unarmed Combat
  3864 | Ossuary  | Reached XP level 7. HP: 47/55 MP: 7/7
  4082 | Ossuary  | Reached skill level 5 in Fighting
  4212 | D:5      | Killed a hornet
  4487 | D:5      | Reached skill level 6 in Unarmed Combat
  4487 | D:5      | Reached XP level 8. HP: 63/63 MP: 8/8
  4964 | D:6      | Found a broken altar of Ashenzari.
  5054 | D:6      | Noticed a manticore
  5073 | D:6      | Killed a manticore
  5074 | D:6      | Reached skill level 7 in Unarmed Combat
  5201 | D:6      | Reached skill level 5 in Dodging
  5448 | D:6      | Reached XP level 9. HP: 42/71 MP: 9/9
  5928 | D:6      | Noticed Maggie
  6711 | D:6      | Noticed a boulder beetle
  6929 | D:7      | Reached *** piety under Trog
  7165 | D:7      | Noticed a gargoyle
  7186 | D:7      | Killed a gargoyle
  7187 | D:7      | Reached skill level 8 in Unarmed Combat
  7807 | D:7      | Found Zojo's Jewellery Boutique.
  7828 | D:7      | Found an iron altar of Okawaru.
  8268 | D:2      | Bought a heavily runed ring mail for 234 gold pieces
  8268 | D:2      | Identified the +0 ring mail of the Realm of Zot {rC- Int+5}
                  | (You bought it in a shop on level 2 of the Dungeon)
  8507 | D:6      | Reached skill level 9 in Unarmed Combat
  8507 | D:6      | Reached XP level 10. HP: 73/80 MP: 10/10
  9448 | D:6      | Killed Maggie
 10289 | D:8      | Found a staircase to the Lair.
 10335 | D:8      | Found Vociowow's Armour Boutique.
 10501 | D:8      | Found Weryudgh's Distillery.
 10550 | D:8      | Found an ornate altar of the Wu Jian Council.
 10622 | D:8      | Found Meneura's Antique Weapon Boutique.
 10625 | D:8      | Found Yphat's Antique Armour Shoppe.
 10709 | D:8      | Found Codd's Magic Scroll Shop.
 11019 | D:9      | Reached skill level 10 in Unarmed Combat
 11129 | D:9      | Noticed Harold
 11149 | D:9      | Killed Harold
 11149 | D:9      | Reached **** piety under Trog
 11317 | D:9      | Found a sparkling altar of Nemelex Xobeh.
 11377 | D:9      | Found a hazy altar of Hepliaklqana.
 11443 | D:10     | Entered Level 10 of the Dungeon
 11443 | D:10     | Noticed an oklob plant
 11550 | Lair:1   | Entered Level 1 of the Lair of Beasts
 11642 | Lair:1   | Reached XP level 11. HP: 73/89 MP: 11/11
 11732 | Lair:1   | Noticed a four-headed hydra
 11748 | Lair:1   | Killed a four-headed hydra
 12007 | Lair:1   | Noticed Gastronok
 12025 | Lair:1   | Noticed a boulder beetle
 12234 | Lair:1   | Killed Gastronok
 12235 | Lair:1   | Reached skill level 11 in Unarmed Combat
 12362 | Lair:1   | Killed a boulder beetle
 12629 | D:8      | Bought a shimmering scale mail for 180 gold pieces
 12629 | D:8      | Identified the +6 scale mail of Servitude {Contam Str+7
                  | Int+3 Dex+2} (You bought it in a shop on level 8 of the
                  | Dungeon)
 12773 | Lair:2   | Noticed a six-headed hydra
 12823 | Lair:1   | Killed a six-headed hydra
 12824 | Lair:1   | Reached skill level 10 in Fighting
 13632 | Lair:2   | Reached skill level 12 in Unarmed Combat
 13644 | Lair:2   | Reached XP level 12. HP: 65/98 MP: 12/12
 14304 | Lair:2   | Found a staircase to the Shoals.
 15609 | Lair:3   | Found a staircase to the Snake Pit.
 15974 | Lair:3   | You fall into a shaft and drop 1 floor!
 15990 | Lair:4   | Reached skill level 13 in Unarmed Combat
 17214 | Lair:4   | Noticed a catoblepas
 17216 | Lair:4   | Noticed a catoblepas
 17579 | Lair:4   | Killed a catoblepas
 17708 | Lair:3   | Killed a catoblepas
 17709 | Lair:3   | Gained mutation: You are strongly in touch with the powers
                  | of death. [Mummy growth]
 17709 | Lair:3   | Reached XP level 13. HP: 58/107 MP: 13/13
 18792 | Lair:4   | Reached skill level 10 in Dodging
 19454 | Lair:5   | Entered Level 5 of the Lair of Beasts
 19467 | Lair:5   | Reached skill level 14 in Unarmed Combat
 20204 | Lair:5   | Found a runed translucent door.
 20204 | Lair:5   | Found a viscous altar of Jiyva.
 20217 | Lair:5   | Reached ***** piety under Trog
 20913 | Lair:5   | Noticed an acid blob
 20927 | Lair:5   | Noticed an acid blob
 21032 | Lair:5   | Noticed a fire dragon
 21332 | Lair:5   | Found a large runed translucent door.
 21333 | Lair:5   | Found a large runed translucent door.
 21360 | Lair:5   | Killed a fire dragon
 21639 | Lair:5   | Found a staircase to the Slime Pits.
 21940 | D:10     | Found a staircase to the Orcish Mines.
 22050 | D:10     | Noticed a fire dragon
 22066 | D:10     | Killed a fire dragon
 22116 | D:10     | Reached XP level 14. HP: 63/116 MP: 14/14
 22470 | D:10     | Reached skill level 15 in Unarmed Combat
 24348 | D:11     | Found a runed translucent gate.
 24348 | D:11     | Found a runed translucent gate.
 24348 | D:11     | Found a runed translucent gate.
 24348 | D:11     | Noticed 112233's ghost (journeyman NaVM)
 24701 | D:11     | Killed 112233's ghost
 24738 | D:11     | Identified the +8 shortbow "Worm" {venom, rElec Str-2 Int+3
                  | Dex+6}
 26649 | D:13     | Noticed Snorg
 26681 | D:12     | Killed Snorg
 27496 | D:13     | Noticed Nessos
 27513 | D:13     | Killed Nessos
 27514 | D:13     | Reached skill level 16 in Unarmed Combat
 28242 | D:13     | Identified the +6 long sword of Subjectivity {flame, *Slow
                  | rN+++ MP+9 Str+6}
 28382 | D:13     | Found a gate to the Vaults.
 28968 | D:14     | Reached XP level 15. HP: 101/125 MP: 12/15
 29221 | D:14     | Received a gift from Trog
 30022 | D:15     | Entered Level 15 of the Dungeon
 31702 | D:15     | Found a staircase to the Depths.
 32536 | Orc:1    | Entered Level 1 of the Orcish Mines
 32536 | Orc:1    | Noticed Nergalle
 32553 | D:10     | Received a gift from Trog
 32585 | D:10     | Killed Nergalle
 32586 | D:10     | Reached skill level 17 in Unarmed Combat
 32861 | Orc:2    | Entered Level 2 of the Orcish Mines
 33026 | Orc:2    | Found a staircase to the Elven Halls.
 33112 | Orc:2    | Paralysed by an orc sorcerer for 5 turns
 33448 | Orc:2    | Found a frozen archway.
 33491 | IceCv    | Entered an ice cave
 33907 | IceCv    | Identified the +12 scimitar "Qouvverr" {vorpal, Str+3}
                  | (Trog gifted it to you in an ice cave)
 33907 | IceCv    | Received a gift from Trog
 34256 | IceCv    | Found an ancient bone altar of Kikubaaqudgha.
 34512 | IceCv    | Reached skill level 15 in Fighting
 34871 | IceCv    | Reached XP level 16. HP: 136/136 MP: 16/16
 36769 | Orc:2    | Found Poaqon's General Store.
 36769 | Orc:2    | Found Mohuumnyanu's Armour Shop.
 36770 | Orc:2    | Found Jepaps's Antique Armour Shop.
 36770 | Orc:2    | Found Esakhuxkeho's Book Boutique.
 36785 | Orc:2    | Bought an amulet of reflection for 300 gold pieces
 37204 | D:7      | Bought the ring of the Hare {EV+8} for 1408 gold pieces
 37204 | D:7      | Found the ring of the Hare {EV+8}
 37289 | Shoals:1 | Entered Level 1 of the Shoals
 38165 | Shoals:1 | Reached skill level 18 in Unarmed Combat
 38279 | Shoals:1 | Noticed a titan
 38495 | Shoals:1 | Killed a titan
 39608 | Shoals:1 | Found Jeuryug's Magic Scroll Shoppe.
 39619 | Shoals:1 | Bought a scroll of fog for 40 gold pieces
 39619 | Shoals:1 | Bought a scroll of torment for 95 gold pieces
 39619 | Shoals:1 | Bought a scroll of teleportation for 30 gold pieces
 41097 | Shoals:3 | Noticed Ilsuiw
 41485 | Shoals:2 | Killed Ilsuiw
 41891 | Shoals:4 | Entered Level 4 of the Shoals
 42191 | Shoals:4 | Reached XP level 17. HP: 131/144 MP: 17/17
 44074 | Shoals:4 | Reached skill level 19 in Unarmed Combat
 45127 | Shoals:4 | Got a barnacled rune of Zot
 45849 | Depths:1 | Entered Level 1 of the Depths
 46181 | Depths:1 | Found a gateway to Hell.
 46441 | Depths:1 | Found a one-way gate leading to the halls of Pandemonium.
 46568 | Depths:1 | Received a gift from Trog
 46776 | Depths:1 | Found Furaetun's Book Boutique.
 46776 | Depths:1 | Found Xukeeveakh's Jewellery Emporium.
 46858 | Depths:1 | Found Ycuag's Book Boutique.
 47454 | Depths:1 | Reached XP level 18. HP: 148/154 MP: 18/18
 48094 | Depths:2 | Found a one-way gateway to a ziggurat.
 48399 | Depths:2 | Reached skill level 20 in Unarmed Combat
 48743 | Depths:2 | Found a runed translucent door.
 50689 | Depths:2 | Noticed a walking earthen tome
 51025 | Depths:2 | Received a gift from Trog
 51488 | Depths:2 | Noticed a tentacled monstrosity
 51509 | Depths:2 | Killed a tentacled monstrosity
 51716 | Depths:2 | Killed from afar by a spriggan air mage

Illustrated notes

Levels and vault maps discovered:
D:1:      dpeg_arrival_chambers_temple_mockup, layout_rooms,
          dreamdust_ecumenical_altar_grove
D:2:      layout_basic, serial_shops, nicolae_diamond_shop, shop_fountains,
          nicolae_shop_behind_doors, glass_columns_a
D:3:      layout_loops_cross, mainiacjoe_overflow_boulevard,
          kennysheep_crisscross
D:4:      layout_loops_ring, elyvilon_altar_4,
          minmay_temple_entry_gardened_gates, uniq_crazy_yiuf_cottage,
          uniq_duvessa
D:5:      layout_basic, chequers_ossuary_entry_cave
D:6:      minmay_octagon_keep, layout_loops_ring, kennysheep_mini_moat,
          tso_oasis_becter, kb_rosetta, uniq_maggie
D:7:      layout_gridville, okawaru_humans, serial_shops, shop,
          minmay_chambers_of_fives
D:8:      layout_rooms, nicolae_wu_jian_immortal_techniques, erik_lair_island,
          serial_shops, shop, shop, shop, nicolae_shop_waterfront,
          nicolae_shop_overgrown_old_shop
D:9:      layout_basic, nemelex_xobeh_ov_fountains_minmay, kennysheep_mini,
          item_on_display_a, uniq_harold
D:10:     minmay_the_grid_3x3 [minmay_the_grid_tiny_cups,
          minmay_the_grid_all_tris, minmay_the_grid_stretched_grid,
          minmay_the_grid_outer_diamond, minmay_the_grid_dragon_a,
          minmay_the_grid_armoury, minmay_the_grid_tri_star,
          minmay_the_grid_empty, minmay_the_grid_prize_inner_circle],
          layout_irregular_city, dpeg_stationary_puzzle
D:11:     layout_rooms, gammafunk_ghost_spectres
D:12:     layout_basic
D:13:     layout_rooms, david_vaults_1, uniq_nessos, uniq_snorg
D:14:     layout_basic, reono_crystal_passage, minmay_guarded_unrand_curses
D:15:     grunt_enter_depths_hoard, layout_cave_pools, minmay_misc_feat_x,
          special_room [special_room_bee]
Lair:1:   layout_chaotic_city, uniq_gastronok
Lair:2:   layout_layer_cave, elwin_shoals_entry_rocks, grunt_megastairs_4,
          serial_bayou_shore_a
Lair:3:   layout_gridlike, minmay_snake_entry_six_corridors,
          nicolae_lair_lindhole
Lair:4:   layout_regular_city, serial_rivers, chequers_serial_rivers_micro_e,
          chequers_serial_rivers_small_a, chequers_serial_rivers_small_3,
          chequers_serial_rivers_micro_e, chequers_serial_rivers_small_3,
          chequers_serial_rivers_room_a, wad_woods_road_01
Lair:5:   cheibrodos_lair_end_hotspot, layout_cave_pods, slime_entry_2
Shoals:1: cheibrodos_shoals_gigantism, layout_shoals, serial_shops,
          nicolae_shop_hallway_plus
Shoals:2: layout_shoals
Shoals:3: layout_shoals, uniq_ilsuiw
Shoals:4: shoals_end_hellmonk_lost_city, serial_shops
Orc:1:    layout_caves, mines2_david, uniq_nergalle
Orc:2:    st_orc_pillars, layout_diamond_mine, portal_ice_cave_entry_imps,
          elves_outpost_lemuel
Depths:1: layout_gridlike, grunt_pan_entry_zigzag, hell_entry,
          hangedman_decor_lopped, bh_walls_and_bars, minmay_shop_grove,
          grunt_megastairs_5, serial_bayou_shore_b
Depths:2: minmay_octagon_city, layout_gridville, enter_ziggurat_a, hex_tiny,
          hell_entry, grunt_pan_entry_sceptre, minmay_crystal_box,
          infiniplex_staircase_pool_2

Skill      XL: |  1  2  3  4  5  6  7  8  9 10 11 12 13 14 15 16 17 18 |
---------------+-------------------------------------------------------+-----
Unarmed Combat | 3 4 5 6 7 9 10 12 13 14 16 17 18 19 20 | 20.4
Dodging        | 2 3 4 5 6 7 8 9 10 11 12 13 14 | 14.8
Fighting       | 4 5 6 7 9 10 11 12 13 15 16 17 | 17.6
Armour         | |  1.5

Action                   |  1- 3 |  4- 6 |  7- 9 | 10-12 | 13-15 | 16-18 || total
-------------------------+-------+-------+-------+-------+-------+-------++-------
Melee: Unarmed           |   195 |   157 |   473 |   748 |  1587 |  1409 ||  4569
       Punch             |     3 |     7 |    19 |    58 |   168 |   190 ||   445
Throw: Boomerang         |    25 |    13 |    18 |    36 |    37 |    47 ||   176
       Dart              |       |     3 |     7 |    10 |     2 |       ||    22
       Throwing net      |       |       |       |    10 |    11 |     4 ||    25
       Javelin           |       |       |       |       |     4 |     7 ||    11
Invok: Trog's Hand       |       |     1 |     5 |    10 |    12 |    24 ||    52
       Brothers in Arms  |       |       |       |       |     4 |    10 ||    14
Evoke: Wand              |       |       |     1 |    13 |     2 |       ||    16
       Phantom mirror    |       |       |       |       |       |     4 ||     4
  Use: Scroll            |     3 |       |    13 |    10 |    16 |    14 ||    56
 Stab: Held in net/web   |       |       |       |     2 |     1 |     1 ||     4
       Sleeping          |       |       |       |     1 |       |       ||     1
       Distracted        |       |       |       |       |     1 |       ||     1
Armor: Chain mail        |    60 |       |       |       |       |       ||    60
       Scale mail        |    27 |    57 |   195 |   235 |   837 |   460 ||  1811
       Troll leather arm |       |       |       |    70 |       |       ||    70
       Steam dragon scal |       |       |       |    22 |       |       ||    22
Dodge: Dodged            |   101 |    61 |   286 |   539 |  1286 |  1697 ||  3970
       Repelled          |       |       |       |     3 |     1 |    25 ||    29
Block: Other             |       |       |       |       |       |   339 ||   339
       Reflection        |       |       |       |       |       |    39 ||    39
